 Dungeon Crawl Stone Soup version 0.22-a0-373-gab1296c (webtiles) character file.

81 iamserjio the Bolt Thrower (level 4, -5/28 HPs)
             Began as a Kobold Hunter on Apr 25, 2018.
             Killed by nerve-wracking pain
             ... invoked by an orc priest
              (13 damage)
             ... on level 3 of the Dungeon.
             The game lasted 00:04:52 (1928 turns).

iamserjio the Bolt Thrower (Kobold Hunter)          Turns: 1928, Time: 00:04:53

Health: -5/28      AC:  3    Str: 10    XL:     4   Next: 67%
Magic:  4/4        EV: 15    Int: 12    God:
Gold:   162        SH:  0    Dex: 15    Spells: 3/3 levels left

rFire    . . .     SeeInvis .   o - +0 short sword (speed)
rCold    . . .     Gourm    .   (shield restricted)
rNeg     . . .     Faith    .   c - +0 leather armour
rPois    .         Spirit   .   (no helmet)
rElec    .         Reflect  .   (no cloak)
rCorr    .         Harm     .   (no gloves)
MR       .....                  (no boots)
Stlth    ++........             (no amulet)
HPRegen  0.09/turn              (no ring)
MPRegen  0.09/turn              (no ring)

@: no status effects
A: small, carnivore
a: no special abilities


You were on level 3 of the Dungeon.
You were completely stuffed.

You visited 1 branch of the dungeon, and saw 3 of its levels.

You collected 162 gold pieces.

Inventory:

Hand Weapons
 a - a +1 hand crossbow
 b - a +0 short sword
 o - a +0 short sword of speed (weapon)
 p - a +2 hunting sling of flaming
Missiles
 d - 17 bolts
 v - 36 stones (quivered)
Armour
 c - a +0 leather armour (worn)
Jewellery
 m - an uncursed amulet of the gourmand {unknown}
 t - an uncursed ring of stealth {unknown}
Scrolls
 h - 2 scrolls of enchant weapon {unknown}
 l - a scroll of blinking {unknown}
 n - a scroll of teleportation {unknown}
 u - 2 scrolls of fear {unknown}
 w - a scroll of fog {unknown}
Potions
 e - a potion of mutation {unknown}
 g - 2 potions of degeneration {unknown}
 i - a potion of ambrosia {unknown}
 j - a potion of agility {unknown}
 k - 4 potions of heal wounds {unknown}
 q - a potion of invisibility {unknown}
 r - a potion of flight {unknown}
 s - a potion of might {unknown}
Comestibles
 f - 7 rations
 x - 2 chunks of flesh


   Skills:
 + Level 3.0 Fighting
 * Level 6.0 Crossbows
 + Level 3.4 Dodging
 - Level 1.3 Stealth


You had 3 spell levels left.
You didn't know any spells.

Dungeon Overview and Level Annotations

Branches:
Dungeon (3/15)

Altars:

Annotations:
D:3 Grinder


Innate Abilities, Weirdness & Mutations

You are small and have problems with some larger weapons.
You are carnivorous and can eat meat at any time.


Message History

You closely miss the orc. The orc hits you but does no damage.
You closely miss the orc. The orc barely misses you.
You barely miss the orc. The orc hits you.
* * * LOW HITPOINT WARNING * * *
You hit the orc but do no damage. You hit the orc.
The orc is almost dead.
The orc barely misses you.
You hit the orc.
You kill the orc!
You see here an orc corpse.
You butcher the orc corpse.
x - 2 chunks of flesh You see here an orc skeleton.
There isn't anything to butcher here.
There isn't anything to butcher here.
There is a stone staircase leading up here.
The orc priest mumbles some strange prayers to Beogh against you.
Pain shoots through your body!
You die...

##'## #.####≈§≈#.# #.#
#.##.'§≈≈+.# ######
#.########.##.#≈≈≈###
.....###.#.....).....##'#
.###.##....#####.####...#
.# #..o..^....##.####..##
.###.##o...##.........##
...o.###.#.#####.######
...### ###.o...÷@# ####
#########


You could see an orc priest.

Vanquished Creatures
  An adder (D:2)
  2 dart slugs (D:1)
  3 leopard geckos
  6 orcs
  3 giant cockroaches (D:1)
  5 goblins
  5 hobgoblins
  4 jackals (D:2)
  2 quokkas (D:2)
  A ball python (D:1)
  9 bats
  3 frilled lizards
  5 kobolds (D:1)
  6 rats
55 creatures vanquished.

Notes
Turn   | Place    | Note
-------+----------+-------------------------------------------
     0 | D:1      | iamserjio the Kobold Hunter began the quest for the Orb.
     0 | D:1      | Reached XP level 1. HP: 12/12 MP: 1/1
    49 | D:1      | Reached skill level 5 in Crossbows
    49 | D:1      | Reached XP level 2. HP: 18/18 MP: 2/2
   410 | D:1      | Reached XP level 3. HP: 22/22 MP: 3/3
  1015 | D:2      | Reached XP level 4. HP: 24/27 MP: 4/4
  1356 | D:2      | Reached skill level 6 in Crossbows
  1700 | D:3      | Noticed Grinder
  1928 | D:3      | Killed from afar by an orc priest

Vault maps used:
D:1:      eino_arrival_water_cross, kennysheep_minor_cross, minmay_pentomino_v2
D:3:      gammafunk_temple_overflow_pools, first_ration, minmay_liquid_box,
          uniq_grinder, uniq_robin

Skill      XL: |  1  2  3  4 |
---------------+-------------+-----
Crossbows      | 5 6 |  6.0
Dodging        | 3 |  3.4
Fighting       | 3 |  3.0
Stealth        | |  1.3

Action                   |  1- 3 |  4- 6 || total
-------------------------+-------+-------++-------
Melee: Short sword       |       |    19 ||    19
 Fire: Hand crossbow     |    59 |    30 ||    89
 Stab: Sleeping          |       |     1 ||     1
  Eat: Chunk             |       |    11 ||    11
Armor: Leather armour    |     7 |     2 ||     9
Dodge: Dodged            |     8 |    19 ||    27

Table legend:
 A = Spawn XP
 B = Non-spawn XP
 C = Spawn XP percentage of total XP
 D = Spawn monster count
 E = Non-spawn monster count
 F = Spawn count percentage of total count
 G = Total turns spent on level
                    A         B        C        D         E        F      G
               +---------+---------+-------+---------+---------+-------+---------
         Total |       0 |     116 |   0.0 |       0 |      55 |   0.0 |  1928
               +---------+---------+-------+---------+---------+-------+---------
           D:1 |       0 |      49 |   0.0 |       0 |      29 |   0.0 |   947
           D:2 |       0 |      60 |   0.0 |       0 |      23 |   0.0 |   801
           D:3 |       0 |       7 |   0.0 |       0 |       3 |   0.0 |   180
               +---------+---------+-------+---------+---------+-------+---------
